 Dungeon Crawl Stone Soup version 0.22-a0-412-g2b68d14 (webtiles) character file.

1035 galech the Skirmisher (level 8, -3/67 HPs)
             Began as a Gnoll Wanderer on May 12, 2018.
             Slain by a wraith (8 damage)
             ... in an ossuary.
             The game lasted 00:09:18 (4838 turns).

galech the Skirmisher (Gnoll Wanderer)              Turns: 4838, Time: 00:09:18

Health: -3/67      AC:  9    Str: 15    XL:     8   Next: 24%
Magic:  12/12      EV: 13    Int: 12    God:
Gold:   341        SH:  0    Dex: 19    Spells: 13/13 levels left

rFire    . . .     SeeInvis +   a - +2 short sword
rCold    . . .     Gourm    .   (no shield)
rNeg     . . .     Faith    .   u - +2 leather armour {MR+}
rPois    .         Spirit   .   n - +2 helmet
rElec    .         Reflect  .   s - +0 cloak
rCorr    .         Harm     .   (no gloves)
MR       +....     Rnd*Tele +   (no boots)
Stlth    +++.......             (no amulet)
HPRegen  0.21/turn              p - ring of see invisible
MPRegen  0.13/turn              x - ring of teleportation (curse)

@: slowed, very slow
A: distributed training, fangs 1, strong nose
a: no special abilities


You were in an ossuary.
You were very hungry.

You visited 1 branch of the dungeon, and saw 5 of its levels.
You also visited: Ossuary.

You collected 341 gold pieces.

Inventory:

Hand Weapons
 a - a +2 short sword (weapon)
 b - a +0 falchion
 e - a +0 dagger
Armour
 d - a +0 robe
 l - a +0 scale mail
 n - a +2 helmet (worn)
 s - a +0 cloak (worn)
 u - a +2 leather armour of magic resistance (worn)
Jewellery
 p - a ring of see invisible (left hand)
 x - a cursed ring of teleportation (right hand)
Scrolls
 g - 3 scrolls of remove curse
 i - 2 scrolls of random uselessness
 j - 6 scrolls of identify
 k - 3 scrolls of amnesia
 m - 2 scrolls of enchant weapon
 q - 2 scrolls of magic mapping
 v - a scroll of enchant armour
 y - a scroll of immolation {unknown}
Potions
 c - a potion of lignification
 h - a potion of magic {unknown}
 o - 3 potions of curing {unknown}
 r - a potion of degeneration
 t - a potion of mutation {unknown}
 w - 2 potions of resistance {unknown}
 z - a potion of experience {unknown}
 A - a potion of heal wounds {unknown}
 B - a potion of brilliance {unknown}
Comestibles
 f - 6 rations


   Skills:
 + Level 7.2 Fighting
 + Level 4.0 Short Blades
 + Level 5.5 Long Blades
 + Level 3.0 Axes
 + Level 3.0 Maces & Flails
 + Level 3.0 Polearms
 + Level 3.0 Staves
 + Level 3.0 Slings
 + Level 3.0 Bows
 + Level 3.0 Crossbows
 + Level 3.0 Throwing
 + Level 3.0 Armour
 + Level 3.0 Dodging
 + Level 6.7 Stealth
 + Level 3.0 Shields
 + Level 3.0 Unarmed Combat
 + Level 3.0 Spellcasting
 + Level 2.4 Conjurations
 + Level 2.4 Hexes
 + Level 2.4 Charms
 + Level 2.4 Summonings
 + Level 2.4 Necromancy
 + Level 2.4 Translocations
 + Level 2.4 Transmutations
 + Level 2.4 Fire Magic
 + Level 2.4 Ice Magic
 + Level 2.4 Air Magic
 + Level 2.4 Earth Magic
 + Level 2.4 Poison Magic
 + Level 3.3 Invocations
 + Level 4.0 Evocations


You had 13 spell levels left.
You didn't know any spells.
Your spell library was empty.

Dungeon Overview and Level Annotations

Branches:
Dungeon (5/15)
 Temple: D:4-7

Altars:
Hepliaklqana


Innate Abilities, Weirdness & Mutations

Your experience applies equally to all skills.
You have very sharp teeth.
Your uncanny sense of smell can sniff out nearby items.


Message History

You hit the wraith.
The wraith is heavily damaged.
The wraith hits you but does no damage.
You hit the wraith.
The wraith is heavily damaged.
The wraith barely misses you. The wraith hits you.
* * * LOW HITPOINT WARNING * * *
The wraith drains your vigour!
You feel as though you will be slow longer.
You hit the wraith but do no damage.
The wraith is heavily damaged.
The wraith hits you!
* * * LOW HITPOINT WARNING * * *
You hit the wraith but do no damage. You bite the wraith, but do no damage.
The wraith is heavily damaged.
The wraith barely misses you.
You hit the wraith. You bite the wraith, but do no damage.
The wraith is heavily damaged.
The wraith hits you but does no damage. The wraith hits you!
You die...

##.. ..##
...#####...
.##...##. .
##.!.!.## . ..
#.??!??.# ..
...##...?.##...
#...##.W.##...# .
#...##@##...# ...
#.........#
....#####'#####.
.................
.................
########'''######
####...#
#..'...+∆∆
#..#...#∆∆


You could see a wraith.

Vanquished Creatures
  Sigmund (D:3)
  5 big kobolds (D:3)
  Blork the orc (D:5)
  3 hounds (D:4)
  A jelly (D:5)
  An iguana (D:4)
  2 worker ants (D:5)
  A hound skeleton (D:4)
  A mummy (Ossuary)
  Robin (D:4)
  A worker ant zombie (D:5)
  7 gnolls
  3 adders
  A shadow imp (D:5)
  An ooze (D:2)
  2 worms
  3 dart slugs
  3 leopard geckos
  A giant cockroach (D:1)
  9 hobgoblins
  A quokka (D:2)
  6 bats
  7 frilled lizards
  3 gnoll skeletons (Ossuary)
  10 goblins
  50 kobolds
  A kobold skeleton (Ossuary)
  5 orc skeletons (Ossuary)
  10 rats
  3 bushes (D:4)
144 creatures vanquished.

Notes
Turn   | Place    | Note
-------+----------+-------------------------------------------
     0 | D:1      | galech the Gnoll Wanderer began the quest for the Orb.
     0 | D:1      | galech set off with: a +2 short sword, a +0 falchion, a potion of lignification, a +0 robe, a +0 dagger, a ration
     0 | D:1      | Reached XP level 1. HP: 23/23 MP: 2/2
    76 | D:1      | Reached XP level 2. HP: 28/29 MP: 3/3
   293 | D:1      | Reached XP level 3. HP: 35/35 MP: 4/4
   606 | D:2      | You fall through a shaft!
   845 | D:2      | Reached skill level 1 in Invocations
  1090 | D:3      | Noticed Sigmund
  1112 | D:3      | Killed Sigmund
  1112 | D:3      | Reached skill level 1 in Axes
  1112 | D:3      | Reached skill level 1 in Maces & Flails
  1112 | D:3      | Reached skill level 1 in Polearms
  1112 | D:3      | Reached skill level 1 in Staves
  1112 | D:3      | Reached skill level 1 in Slings
  1112 | D:3      | Reached skill level 1 in Bows
  1112 | D:3      | Reached skill level 1 in Crossbows
  1112 | D:3      | Reached skill level 1 in Throwing
  1112 | D:3      | Reached skill level 1 in Armour
  1112 | D:3      | Reached skill level 1 in Dodging
  1112 | D:3      | Reached skill level 1 in Shields
  1112 | D:3      | Reached skill level 1 in Unarmed Combat
  1112 | D:3      | Reached skill level 1 in Spellcasting
  1112 | D:3      | Reached skill level 1 in Conjurations
  1112 | D:3      | Reached skill level 1 in Hexes
  1112 | D:3      | Reached skill level 1 in Charms
  1112 | D:3      | Reached skill level 1 in Summonings
  1112 | D:3      | Reached skill level 1 in Necromancy
  1112 | D:3      | Reached skill level 1 in Translocations
  1112 | D:3      | Reached skill level 1 in Transmutations
  1112 | D:3      | Reached skill level 1 in Fire Magic
  1112 | D:3      | Reached skill level 1 in Ice Magic
  1112 | D:3      | Reached skill level 1 in Air Magic
  1112 | D:3      | Reached skill level 1 in Earth Magic
  1112 | D:3      | Reached skill level 1 in Poison Magic
  1112 | D:3      | Reached XP level 4. HP: 17/41 MP: 4/6
  1112 | D:3      | Reached XP level 5. HP: 19/47 MP: 4/7
  1739 | D:3      | Found a hazy altar of Hepliaklqana.
  1800 | D:3      | Reached XP level 6. HP: 53/53 MP: 8/8
  1980 | D:3      | Reached skill level 5 in Long Blades
  2325 | D:3      | Reached XP level 7. HP: 27/59 MP: 10/10
  2567 | D:3      | Reached skill level 7 in Fighting
  2976 | D:4      | Noticed Robin
  3017 | D:4      | Killed Robin
  4271 | D:5      | Entered Level 5 of the Dungeon
  4296 | D:5      | Reached XP level 8. HP: 65/67 MP: 12/12
  4368 | D:5      | Noticed Blork the orc
  4381 | D:5      | Killed Blork the orc
  4513 | D:5      | Found a sand-covered staircase.
  4540 | Ossuary  | Entered an ossuary
  4540 | Ossuary  | Noticed a wraith
  4540 | Ossuary  | Noticed a wraith
  4540 | Ossuary  | Noticed a wraith
  4819 | Ossuary  | Noticed a wraith
  4838 | Ossuary  | Slain by a wraith

Vault maps used:
D:1:      arrival_zaba_pyramid, minmay_box_of_dots
D:3:      minmay_goblin_kobold_castle, overflow_temple_1_default,
          grunt_decor_mini_mirrors, uniq_sigmund
D:4:      serial_forest, infiniplex_forest_join, infiniplex_forest_corner_1,
          infiniplex_forest_end_3, infiniplex_forest_lined_3,
          infiniplex_forest_fountain, infiniplex_forest_lined_room_3,
          infiniplex_forest_corner_2, cheibrodos_gnoll_hut, uniq_robin
D:5:      enter_ossuary_3, first_ration, eino_tiny_chamber, uniq_edmund,
          uniq_blork_the_orc
Ossuary:  ossuary_due_mausoleum

Skill      XL: |  1  2  3  4  5  6  7  8 |
---------------+-------------------------+-----
Stealth        | 6 |  6.7
Invocations    | 1 2 3 |  3.3
Short Blades   | 3 4 |  4.0
Axes           | 1 2 3 |  3.0
Maces & Flails | 1 2 3 |  3.0
Polearms       | 1 2 3 |  3.0
Staves         | 1 2 3 |  3.0
Slings         | 1 2 3 |  3.0
Bows           | 1 2 3 |  3.0
Crossbows      | 1 2 3 |  3.0
Throwing       | 1 2 3 |  3.0
Armour         | 1 2 3 |  3.0
Dodging        | 1 2 3 |  3.0
Shields        | 1 2 3 |  3.0
Unarmed Combat | 1 2 3 |  3.0
Spellcasting   | 1 2 3 |  3.0
Conjurations   | 1 2 |  2.4
Hexes          | 1 2 |  2.4
Charms         | 1 2 |  2.4
Summonings     | 1 2 |  2.4
Necromancy     | 1 2 |  2.4
Translocations | 1 2 |  2.4
Transmutations | 1 2 |  2.4
Fire Magic     | 1 2 |  2.4
Ice Magic      | 1 2 |  2.4
Air Magic      | 1 2 |  2.4
Earth Magic    | 1 2 |  2.4
Poison Magic   | 1 2 |  2.4
Evocations     | 3 4 |  4.0
Long Blades    | 5 |  5.5
Fighting       | 7 |  7.2

Action                   |  1- 3 |  4- 6 |  7- 9 || total
-------------------------+-------+-------+-------++-------
Melee: Short sword       |    77 |   186 |   712 ||   975
       Bite              |     6 |    27 |   157 ||   190
       Punch             |       |     1 |    27 ||    28
  Use: Scroll            |       |       |     8 ||     8
 Stab: Sleeping          |    12 |     4 |     4 ||    20
  Eat: Chunk             |     1 |     2 |     3 ||     6
       Ration            |       |       |     2 ||     2
Armor: Robe              |     5 |       |       ||     5
       Scale mail        |    14 |   106 |    17 ||   137
       Leather armour    |       |       |    75 ||    75
Dodge: Dodged            |    34 |   111 |   180 ||   325

Table legend:
 A = Spawn XP
 B = Non-spawn XP
 C = Spawn XP percentage of total XP
 D = Spawn monster count
 E = Non-spawn monster count
 F = Spawn count percentage of total count
 G = Total turns spent on level
                    A         B        C        D         E        F      G
               +---------+---------+-------+---------+---------+-------+---------
         Total |       0 |    1479 |   0.0 |       0 |     141 |   0.0 |  4838
               +---------+---------+-------+---------+---------+-------+---------
           D:1 |       0 |      42 |   0.0 |       0 |      24 |   0.0 |   576
           D:2 |       0 |      24 |   0.0 |       0 |      11 |   0.0 |   447
           D:3 |       0 |     847 |   0.0 |       0 |      64 |   0.0 |  1779
           D:4 |       0 |     285 |   0.0 |       0 |      23 |   0.0 |  1469
           D:5 |       0 |     254 |   0.0 |       0 |       9 |   0.0 |   269
       Ossuary |       0 |      27 |   0.0 |       0 |      10 |   0.0 |   298
               +---------+---------+-------+---------+---------+-------+---------
